cohdb
Replays
Latest Replays
All Replays
Popular Replays
Top Player Replays
Match Explorer
How It Works
Community
CoH3 Stats
Reddit
Sign in to upload your games and track your stats! →
Sign in with Steam
Match 39275570
Unlisted
Match 39275570
Overview
Messages
Build Orders
End
Kettenkrad Recon Vehicle
Construct Infanterie Kompanie
Selects Luftwaffe Battlegroup
Selects Luftwaffe Pioneer Support
MG 42 Machine Gun Team
Grenadier Squad
GrW 34 Mortar Team
Selects Reconnaissance Run
Grenadier Squad
Selects Fallschirmjäger Squad Paradrop
Fallschirmjäger Squad Paradrop
Infanterie Officer Quarters
Construct Luftwaffe Kompanie
Fallschirmjäger Squad Paradrop
Selects LG40 Recoilless Gun Paradrop
Support Elements
Nemesis28
strohhirn
LolimTime
南风不知秋意
ALEJO5500
X
Vanguard Z3R0
Mael Radec
0
0
Comments
sign in to comment!
No comments posted yet!